 Dungeon Crawl Stone Soup version 0.27.0-1-g7a089689b8 (webtiles) character file.

Game seed: 14190743223659222826

32130 tilp the Martial Artist (level 13, -4/68 HPs)
             Began as a Vine Stalker Venom Mage on Aug 8, 2021.
             Was an Elder of Uskayaw.
             Slain by a reaper (6 damage)
             ... in an ice cave.
             The game lasted 00:28:53 (20447 turns).

tilp the Martial Artist (Vine Stalker Venom Mage)  Turns: 20447, Time: 00:28:53

Health: -4/68      AC: 12    Str: 12    XL:     13   Next: 62%
Magic:  0/34       EV: 14    Int: 18    God:    Uskayaw [****..]
Gold:   885        SH: 10    Dex: 15    Spells: 13/26 levels left

rFire    x . .     SeeInvis .     - Unarmed
rCold    + . .     Faith    .   T - +0 buckler
rNeg     + . .     Spirit   +   f - +0 steam dragon scales
rPois    +         Reflect  +   m - +2 hat {Will+}
rElec    .         Harm     .   y - +2 ratskin cloak {*Rats rPois rN+ Str-1 Int-1 Dex+1}
rCorr    .         Rampage  .   i - +0 pair of gloves
Will     +....                  B - +0 pair of boots
Stlth    +++.......             s - amulet of reflection
HPRegen  1.21/turn              l - ring of magical power
MPRegen  0.24/turn              h - ring of ice

@: weak-willed, studying Necromancy
A: fangs 3, regeneration 1, magic shield, antimagic bite, no potion heal 2
a: Renounce Religion, Stomp, Line Pass


You were in an ice cave.
You worshipped Uskayaw.
Uskayaw was aware of your devotion.
You visited 2 branches of the dungeon, and saw 17 of its levels.
You also visited: Ice Cave.

You collected 885 gold pieces.

Inventory:

Missiles
 k - 65 poisoned darts
 p - a throwing net
 q - 8 javelins
 u - 7 curare-tipped darts
 X - 4 datura-tipped darts
Armour
 f - +0 steam dragon scales (worn)
 g - a +2 cloak
 i - a +0 pair of gloves (worn)
 m - a +2 hat of willpower (worn)
 o - a +2 scale mail of cold resistance
 y - the +2 ratskin cloak (worn) {*Rats rPois rN+ Str-1 Int-1 Dex+1}
   (You found it on level 7 of the Dungeon)

   When the wearer is hurt, rats may emerge from it to assist them.
   Str:       It affects your strength (-1).
   Int:       It affects your intelligence (-1).
   Dex:       It affects your dexterity (+1).
   rPois:     It protects you from poison.
   rN:        It protects you from negative energy.
 B - a +0 pair of boots (worn)
 O - a scarf of invisibility
 T - a +0 buckler (worn)
Magical Staves
 b - a staff of poison
Jewellery
 h - a ring of ice (right hand)
 l - a ring of magical power (left hand)
 s - an amulet of reflection (around neck)
 D - a +4 ring of protection
 N - a ring of wizardry
 P - a ring of resist corrosion
 V - a ring of poison resistance
Wands
 c - a wand of polymorph (27)
 r - a wand of iceblast (10)
 C - a wand of digging (14)
 H - a wand of flame (17)
 M - a wand of acid (5)
 Q - a wand of mindburst (11)
Scrolls
 a - 2 scrolls of magic mapping
 e - 6 scrolls of teleportation
 j - 3 scrolls of vulnerability
 v - 6 scrolls of amnesia
 w - 2 scrolls of silence
 A - 3 scrolls of identify
 J - 3 scrolls of blinking
 L - a scroll of fog
 U - a scroll of summoning
Potions
 d - 4 potions of curing
 n - 2 potions of resistance
 t - a potion of mutation
 x - 2 potions of attraction
 z - 2 potions of berserk rage
 E - 3 potions of haste
 G - 3 potions of flight
 I - 2 potions of brilliance
 K - a potion of lignification
 R - a potion of invisibility


   Skills:
 - Level 8.0 Fighting
 - Level 6.0 Dodging
 - Level 4.0 Stealth
 - Level 4.0 Shields
 - Level 12.0 Unarmed Combat
 + Level 7.4 Spellcasting
 - Level 4.0 Conjurations
 - Level 2.0 Transmutations
 - Level 2.0 Air Magic
 - Level 8.0 Poison Magic
 - Level 8.0 Invocations
 - Level 6.0 Evocations


You had 13 spell levels left.
You knew the following spells:

 Your Spells              Type           Power      Damage    Failure   Level
a - Sting                 Tmut/Pois      96%        1d7       1%          1
b - Poisonous Vapours     Pois/Air       48%        N/A       1%          2
c - Olgreb's Toxic Radia  Pois           35%        N/A       3%          4
d - Mephitic Cloud        Conj/Pois/Air  23%        N/A       4%          3
e - Spider Form           Tmut/Pois      12%        N/A       4%          3

Your spell library contained the following spells:

 Spells                   Type           Power      Damage    Failure   Level
 Animate Skeleton         Necr           12%        N/A       11%         1
 Pain                     Necr           24%        1d5       11%         1
 Summon Small Mammal      Summ           24%        N/A       11%         1
 Ensorcelled Hibernation  Hex/Ice        20%        N/A       16%         2
 Call Canine Familiar     Summ           6%         N/A       30%         3
 Gell's Gravitas          Tloc           3%         N/A       30%         3
 Lesser Beckoning         Tloc           3%         N/A       30%         3
 Portal Projectile        Hex/Tloc       12%        N/A       30%         3
 Summon Guardian Golem    Hex/Summ       6%         N/A       30%         3
 Teleport Other           Tloc           6%         N/A       30%         3
 Vampiric Draining        Necr           3%         2d6       30%         3
 Leda's Liquefaction      Hex/Erth       3%         N/A       71%         4
 Summon Forest            Summ/Tloc      3%         N/A       96%         5
 Summon Mana Viper        Hex/Summ       6%         N/A       96%         5
 Shadow Creatures         Summ           N/A        N/A       100%        6
 Malign Gateway           Summ/Tloc      3%         N/A       100%        7
 Borgnjor's Revivificati  Necr           3%         N/A       100%        8


Dungeon Overview and Level Annotations

Branches:
Dungeon (11/15)            Temple (0/1) D:7            Lair (6/6) D:10
 Shoals (0/4) Lair:2       Spider (0/4) Lair:4        Slime (0/5) Lair:6
    Orc (0/2) D:11          IceCv (1/1)

Altars:
Ashenzari
Cheibriados
Gozag
Hepliaklqana
Qazlal
Ru
Uskayaw
Vehumet
Xom
Yredelemnul

Annotations:
D:3 exclusion: black bear
D:6 1 runed translucent door, tilp's ghost, novice FoWr
D:8 2 transporters, exclusion: ice statue, Bombadill's ghost, novice DDWr
D:9 1 runed translucent door
Lair:2 3 runed translucent doors, RandomHacker's ghost, journeyman DECj


Innate Abilities, Weirdness & Mutations

You have razor-sharp teeth.
Your natural rate of healing is unusually fast.
When hurt, damage is shared between your health and your magic reserves.
Your bite disrupts and absorbs the magic of your enemies.
Potions cannot restore your health.


Message History

The death yak simulacrum seems to be corroded for longer.
The death yak simulacrum is almost destroyed.
The bolt of acid hits the reaper!!
The reaper is splashed with acid.
The reaper is almost dead.
The bolt of acid hits the elephant simulacrum!
The elephant simulacrum is splashed with acid!
The elephant simulacrum seems to be corroded for longer.
The elephant simulacrum vaporises!
The reaper closely misses you.
The death yak simulacrum gores you but does no damage.
Uskayaw will force your foes to share their pain.
Uskayaw links your audience in an emotional bond!
Unknown command.
Unknown command.
That's the wrong kind of item! (Use * to select it.) Evoke which item? (* to show all) (? for menu, Esc to quit)
That's the wrong kind of item! (Use * to select it.) Evoke which item? (* to show all) (? for menu, Esc to quit)
Aiming: Corrosive Bolt
Press: ? - help, Shift-Dir - straight line, f - death yak simulacrum
Aim: a death yak simulacrum (freezing vapour, almost destroyed, covered in acid, sharing its pain, 100% to hit)
The bolt of acid hits the death yak simulacrum!
The death yak simulacrum is splashed with acid.
The death yak simulacrum seems to be corroded for longer.
The death yak simulacrum vaporises!
The reaper hits you from afar with a +2 scythe of freezing!
* * * LOW HITPOINT WARNING * * *
The reaper freezes you.
* * * LOW HITPOINT WARNING * * *
Unknown command.
Unknown command.
Aiming: Mindburst
Press: ? - help, Shift-Dir - straight line, f - reaper
Aim: a reaper, wielding a +2 scythe of freezing (almost dead, weak-willed, covered in acid, sharing its pain, chance to affect: 64%)
The reaper struggles to resist.
The reaper is no longer covered in acid.
The reaper hits you from afar with a +2 scythe of freezing!!
* * * LOW HITPOINT WARNING * * *
The reaper freezes you!
You die...

#.# #.#
#.##
##..##
#..∩.#
##..##
#.## #.#
#@#
##°2....#
$#○...#
?# ..##
}# ## [)
##


You could see a reaper (weak-willed, pain bonded).

Vanquished Creatures
  Snorg (Lair:3)
  A boulder beetle (Lair:2)
  2 hydras
  2 two-headed ogres (D:11)
  Sonja (Lair:5)
  An orc knight (D:10)
  An orc sorcerer (D:10)
  10 elephants (Lair:6)
  5 black mambas
  8 cane toads
  An entropy weaver simulacrum (IceCv)
  3 komodo dragons
  2 rime drakes
  An anaconda simulacrum (IceCv)
  3 trolls (D:9)
  2 polar bears
  A hornet (D:10)
  4 dream sheep (Lair:4)
  2 shadows (D:11)
  3 wyverns
  27 yaks
  A dire elephant simulacrum (IceCv)
  3 steam dragons
  Grum (D:9)
  4 basilisks
  2 wargs (D:11)
  3 vampire mosquitoes (D:11)
  A death yak simulacrum (IceCv)
  3 swamp worms (Lair:2)
  15 water moccasins
  8 orc warriors
  3 black bears
  An ice beast (D:8)
  2 sky beasts
  4 necrophages
  5 wolves
  7 centaurs
  4 kobold brigands
  10 bullfrogs
  3 scorpions
  7 two-headed ogre simulacra (IceCv)
  2 gnoll sergeants
  2 cane toad simulacra (IceCv)
  2 elephant simulacra (IceCv)
  5 howler monkeys
  2 wights
  2 electric eels
  A bullfrog zombie (D:5)
  5 centaur zombies
  6 orc priests
  A jelly (D:8)
  3 bullfrog skeletons
  6 hounds
  A centaur skeleton (D:7)
  Jessica (D:2)
  A gnoll shaman (D:10)
  11 orc wizards
  An iguana (D:5)
  11 hell rats (D:7)
  Terence (D:3)
  3 spriggan simulacra (IceCv)
  3 troll simulacra (IceCv)
  A killer bee zombie (D:8)
  4 howler monkey zombies
  18 gnolls
  6 adders
  2 howler monkey skeletons
  11 river rats (D:7)
  4 naga simulacra (IceCv)
  A shadow imp (D:7)
  15 white imps
  5 ufetubi (IceCv)
  2 worms
  2 dart slugs
  31 orcs
  5 bats
  8 endoplasms
  3 giant cockroaches
  7 hobgoblins
  4 jackals
  5 quokkas
  3 ball pythons
  5 frilled lizards
  6 goblins
  18 kobolds
  2 rats
406 creatures vanquished.

Vanquished Creatures (collateral kills)
  An elephant simulacrum (IceCv)
1 creature vanquished.

Vanquished Creatures (others)
  A kobold brigand (D:10)
  A water moccasin skeleton (D:6)
  An orc (D:6)
  7 fungi
  23 plants
33 creatures vanquished.

Grand Total: 440 creatures vanquished

Notes
Turn   | Place    | Note
-------+----------+-------------------------------------------
     0 | D:1      | tilp the Vine Stalker Venom Mage began the quest for the
                  | Orb.
     0 | D:1      | Reached XP level 1. HP: 9/9 MP: 4/4
   302 | D:1      | Reached skill level 1 in Unarmed Combat
   302 | D:1      | Reached XP level 2. HP: 11/13 MP: 3/6
   381 | D:1      | Found a faded altar of an unknown god.
   942 | D:1      | Reached XP level 3. HP: 16/16 MP: 3/7
   945 | D:1      | Learned a level 2 spell: Poisonous Vapours
  1550 | D:2      | Noticed Jessica
  1557 | D:2      | Killed Jessica
  1558 | D:2      | Reached skill level 2 in Unarmed Combat
  1558 | D:2      | Reached skill level 1 in Fighting
  1558 | D:2      | Gained mutation: Your natural rate of healing is unusually
                  | fast. [Vine Stalker growth]
  1558 | D:2      | Reached XP level 4. HP: 22/22 MP: 1/8
  1686 | D:2      | Noticed a scorpion
  2062 | D:2      | Killed a scorpion
  2063 | D:2      | Reached XP level 5. HP: 26/26 MP: 0/9
  2614 | D:3      | Noticed Terence
  2621 | D:3      | Killed Terence
  2998 | D:3      | Noticed a black bear
  3288 | D:3      | Found a sacrificial altar of Ru.
  3673 | D:3      | Reached skill level 1 in Air Magic
  3700 | D:3      | Reached XP level 6. HP: 30/30 MP: 1/10
  4018 | D:4      | Found a hide-covered altar of Uskayaw.
  4018 | D:4      | Found an opulent altar of Gozag.
  4029 | D:4      | Became a worshipper of Uskayaw the Reveller
  4144 | D:4      | Reached * piety under Uskayaw
  4152 | D:4      | Reached ** piety under Uskayaw
  4333 | D:4      | Reached skill level 3 in Unarmed Combat
  4916 | D:5      | Entered Level 5 of the Dungeon
  5021 | D:5      | Noticed a water moccasin
  5132 | D:5      | Killed a water moccasin
  5132 | D:5      | Reached *** piety under Uskayaw
  5133 | D:5      | Reached skill level 4 in Unarmed Combat
  5133 | D:5      | Reached XP level 7. HP: 32/35 MP: 11/11
  5193 | D:5      | Reached skill level 1 in Invocations
  5227 | D:5      | Reached skill level 1 in Evocations
  5250 | D:5      | Reached **** piety under Uskayaw
  5406 | D:5      | Gained mutation: You have razor-sharp teeth. [Vine Stalker
                  | growth]
  5406 | D:5      | Reached XP level 8. HP: 39/39 MP: 14/14
  5449 | D:5      | Found a snail-covered altar of Cheibriados.
  5921 | D:5      | Reached skill level 5 in Poison Magic
  7003 | D:6      | Found a broken altar of Ashenzari.
  7289 | D:6      | Noticed a +0 scimitar of chaos
  7290 | D:6      | Found a shimmering altar of Xom.
  7290 | D:6      | Noticed tilp's ghost (novice FoWr)
  7291 | D:6      | Found a runed translucent door.
  7340 | D:6      | Reached XP level 9. HP: 42/42 MP: 16/16
  7553 | D:6      | Found a radiant altar of Vehumet.
  8056 | D:7      | Learned a level 4 spell: Olgreb's Toxic Radiance
  8109 | D:7      | Reached skill level 5 in Unarmed Combat
  8117 | D:7      | HP: 2/41 [hell rat (5)]
  8612 | D:7      | Found a staircase to the Ecumenical Temple.
  8720 | D:7      | Found a hazy altar of Hepliaklqana.
  9249 | D:7      | Reached ***** piety under Uskayaw
  9251 | D:7      | Reached skill level 6 in Unarmed Combat
  9363 | D:7      | Found the +2 ratskin cloak {*Rats rPois rN+ Str-1 Int-1
                  | Dex+1}
  9891 | D:8      | Noticed an ice statue
  9961 | D:8      | Found a transporter.
  9979 | D:8      | Noticed a cyclops
  9990 | D:8      | Found a transporter.
  9990 | D:8      | Noticed a boulder beetle
  9990 | D:8      | Noticed Bombadill's ghost (novice DDWr)
 10162 | D:8      | Reached skill level 7 in Unarmed Combat
 10233 | D:8      | Reached XP level 10. HP: 43/49 MP: 17/17
 10245 | D:8      | Reached skill level 8 in Unarmed Combat
 10259 | D:8      | Reached ****** piety under Uskayaw
 10268 | D:8      | Found an opulent altar of Gozag.
 10434 | D:9      | Noticed Grum
 10523 | D:9      | Got the Reference Book on the Ghastly Voyage
 10959 | D:9      | Killed Grum
 11039 | D:9      | Reached skill level 5 in Fighting
 11349 | D:9      | Found a runed translucent door.
 11350 | D:9      | Identified the +10 dire flail of Zugenuodgh {flame, rElec
                  | Will+ Int+2 Stlth+}
 11350 | D:9      | Noticed a kobold demonologist
 11354 | D:9      | Noticed a two-headed ogre
 11733 | D:10     | Entered Level 10 of the Dungeon
 11795 | D:10     | Reached skill level 5 in Dodging
 11795 | D:10     | Reached XP level 11. HP: 56/56 MP: 18/18
 11816 | D:10     | Reached skill level 9 in Unarmed Combat
 11891 | D:10     | Noticed an orc knight
 11891 | D:10     | Noticed an orc sorcerer
 11907 | D:10     | Killed an orc sorcerer
 11913 | D:10     | HP: 1/56 [orc knight (2)]
 11925 | D:10     | Killed an orc knight
 12464 | D:10     | Learned a level 3 spell: Mephitic Cloud
 12468 | D:10     | Learned a level 3 spell: Spider Form
 12473 | D:10     | Found a staircase to the Lair.
 12702 | D:10     | Found a basalt altar of Yredelemnul.
 12702 | D:10     | Found a stormy altar of Qazlal.
 12967 | D:11     | Noticed a two-headed ogre
 13201 | D:11     | Noticed a two-headed ogre
 13211 | D:11     | Killed a two-headed ogre
 13475 | D:11     | Killed a two-headed ogre
 13476 | D:11     | Reached skill level 10 in Unarmed Combat
 13790 | D:11     | Found a staircase to the Orcish Mines.
 14066 | Lair:1   | Entered Level 1 of the Lair of Beasts
 15191 | Lair:2   | Found a staircase to the Shoals.
 15205 | Lair:2   | Noticed a boulder beetle
 15260 | Lair:2   | Killed a boulder beetle
 15261 | Lair:2   | Reached XP level 12. HP: 8/64 MP: 1/19
 15516 | Lair:2   | Reached skill level 11 in Unarmed Combat
 15642 | Lair:2   | Noticed RandomHacker's ghost (journeyman DECj)
 15659 | Lair:2   | Noticed a minotaur
 15676 | Lair:2   | Found a runed translucent gate.
 15676 | Lair:2   | Found a runed translucent gate.
 15676 | Lair:2   | Found a runed translucent gate.
 16316 | Lair:2   | Identified the +8 quarterstaff "Wolint" {vorpal, rPois}
 16678 | Lair:3   | Noticed Snorg
 16691 | Lair:3   | Killed Snorg
 16692 | Lair:3   | Reached skill level 12 in Unarmed Combat
 17062 | Lair:3   | Reached skill level 5 in Spellcasting
 17062 | Lair:3   | Reached skill level 5 in Invocations
 17576 | Lair:4   | Found a hole to the Spider Nest.
 17590 | Lair:4   | Reached skill level 5 in Evocations
 17660 | Lair:4   | Found a shimmering altar of Xom.
 17955 | Lair:4   | Noticed a five-headed hydra
 17959 | Lair:4   | Killed a five-headed hydra
 18863 | Lair:5   | Reached skill level 1 in Shields
 18868 | Lair:5   | Reached XP level 13. HP: 66/68 MP: 23/23
 19079 | Lair:5   | Noticed Sonja
 19090 | Lair:5   | Killed Sonja
 19732 | Lair:6   | Entered Level 6 of the Lair of Beasts
 19746 | Lair:6   | Reached skill level 1 in Conjurations
 19840 | Lair:6   | Found a frozen archway.
 19900 | IceCv    | Entered an ice cave
 20437 | IceCv    | Noticed a reaper
 20447 | IceCv    | HP: 2/68 [reaper (23)]
 20447 | IceCv    | Slain by a reaper

Illustrated notes

Levels and vault maps discovered:
D:1:      saegor_arrival_simple_d, layout_basic,
          dreamdust_ecumenical_altar_hidden_monk_grotto, serial_bayou_lagoon_b
D:2:      layout_basic, kennysheep_nondescript, hex_medium, uniq_jessica
D:3:      layout_loops_ring, general_overflow_altar,
          ebering_dispersal_statue_hall, minmay_misc_feat_nine_boxes,
          minivault_4, uniq_terence
D:4:      layout_loops_ring, mainiacjoe_overflow_divided_tiny
D:5:      layout_basic, mainiacjoe_overflow_small_starburst
D:6:      layout_loops_ring, fiery_altar_vehumet, mainiacjoe_overflow_boulevard,
          ebering_ghost_xom
D:7:      wander_guarded_unrand_ratskin, layout_loops_corners,
          mainiacjoe_overflow_concentric_impassable, minmay_temple_entry_waves
D:8:      layout_basic, nzn_ghost_randoct, small_statue_intersection,
          dk_noncrumbling_4, minivault_14, minmay_ruined_shrine
D:9:      layout_loops_ring, minmay_st_funbox, kennysheep_opposing_triangles,
          uniq_grum
D:10:     layout_small_grid, chequers_temple_overflow_statue_of_worship,
          lair_entry_dummy, nrook_uturn
D:11:     layout_basic, david_orc_1_choice, st_stairs_6
Lair:1:   layout_cave_pods
Lair:2:   layout_chaotic_city, minmay_shoals_entry_centaurs,
          maelrawn_ghost_gauntlet_escape, chequers_serial_rivers_small_a,
          serial_bayou_pond_e, worms_lemuel
Lair:3:   layout_cave_pods, minmay_stone_trees_small, grunt_megastairs_3,
          lemuel_fruit_tree, uniq_snorg
Lair:4:   layout_cave_pods, spider_nest_entry_web_field, basic_altar
Lair:5:   layout_gridlike, guppyfry_lair_drakes, uniq_sonja
Lair:6:   hangedman_lair_tendril_chambers, layout_concentric_octagons,
          guppyfry_lair_end_dragon, slime_altar_1, portal_ice_cave_entry_imps,
          chequers_serial_rivers_small_3, grunt_megastairs_5
IceCv:    ice_cave_caverns_01

Skill      XL: |  1  2  3  4  5  6  7  8  9 10 11 12 13 |
---------------+----------------------------------------+-----
Unarmed Combat | 1 2 4 7 8 10 12 | 12.0
Poison Magic   | 4 6 8 |  8.0
Fighting       | 1 2 4 5 7 8 |  8.0
Dodging        | 2 4 5 6 |  6.0
Stealth        | 3 4 |  4.0
Air Magic      | 1 2 |  2.0
Transmutations | 2 |  2.0
Invocations    | 2 4 6 8 |  8.0
Evocations     | 2 4 6 |  6.0
Spellcasting   | 3 4 6 7 |  7.4
Shields        | 1 4 |  4.0
Conjurations   | 4 |  4.0

Action                   |  1- 3 |  4- 6 |  7- 9 | 10-12 | 13-15 || total
-------------------------+-------+-------+-------+-------+-------++-------
Melee: Unarmed           |    13 |    77 |   447 |   525 |   278 ||  1340
       Bite              |     1 |    17 |   138 |   149 |    90 ||   395
       Punch             |       |       |    17 |    29 |     9 ||    55
       Staff             |       |       |       |     4 |       ||     4
 Cast: Sting             |    52 |    57 |    49 |    45 |     1 ||   204
       Poisonous Vapours |     2 |    46 |    77 |    66 |       ||   191
       Olgreb's Toxic Ra |       |       |     3 |    49 |    14 ||    66
Invok: Stomp             |       |       |       |     4 |       ||     4
Evoke: Wand              |       |       |       |     9 |    10 ||    19
  Use: Scroll            |     4 |     7 |     8 |     6 |     3 ||    28
       Potion            |       |       |     1 |       |       ||     1
 Stab: Sleeping          |       |     3 |     2 |     5 |     5 ||    15
       Paralysed         |       |       |    10 |    21 |    23 ||    54
Armor: Robe              |     8 |    15 |   115 |       |       ||   138
       Steam dragon scal |       |       |    17 |   174 |    65 ||   256
Dodge: Dodged            |    31 |    46 |   225 |   274 |   116 ||   692
Block: Other             |       |       |    11 |   106 |    13 ||   130
       Reflection        |       |       |       |     5 |     4 ||     9
       Buckler           |       |       |       |       |    81 ||    81
